AoeStats
← Sid

Arabia

507688212Analyzed
2v2 RM · 13d ago on Sep 19, 2026· 18m 41s· 4 players
Game mode
Random Map
Map size
Medium (4 player)
Population
200
Speed
Normal
Resources
Standard
Victory
Conquest
Starting age
Dark Age
Ending age
Imperial Age
RankedLock teamsTeams togetherTeam positionsShared explorationLock speedFull tech treeHidden civsTurbo modeCheats
Victory
Defeat
🇮🇳 Ethiopians · India
1267
+19
🇹🇼 Mongols · Taiwan
1175
+23
🇯🇵 Vikings · Japan
1354
-22
🇯🇵 Poles · Japan
1311
-20
Pakabuoy
6:56 Loom
10:37 Feudal Age
11:13 Double-Bit Axe
12:24 Fletching
13:25 Padded Archer Armor
fox0503
7:50 Feudal Age
6:05 Loom
12:49 Double-Bit Axe
19:02 Castle Age
18:34 Bloodlines
18:49 Scale Barding Armor
18:30 Horse Collar
Sid
6:13 Loom
8:37 Feudal Age
9:51 Double-Bit Axe
fumin.jp
6:55 Loom
9:22 Feudal Age
11:04 Double-Bit Axe
16:15 Fletching
16:29 Padded Archer Armor
Connection lost

Rejoining the realm…

Still unreachable

The connection could not be restored.

Session expired

The server has moved on; the page needs a fresh start.